Map: [ESL] Tropical Sacrifice

Players

MaxPax - Winner!

  • Race: Protoss Protoss
  • Spawn Location: 7:00

Elazer

  • Race: Zerg Zerg
  • Spawn Location: 1:00

Event: DreamHack SC2 Masters 2022 Atlanta (Online)

VOD

Have the link to the VOD?

Description

Time

  • Played on: Oct. 13, 2022, 10:52 a.m.
  • Length: 9:53

All games in this series

Show
View Real Time Build Order
Export as new Build Order

MaxPax Protoss - Winner!

Build Orders: 1 Gate Expand, Oracle Opening 

Get SALT Encoding   

  12  0:00  Probe  
  13  0:12  Probe  
  14  0:20  Pylon  
  14  0:25  Probe  
  15  0:38  Probe (Chrono Boost)  
  15  0:41  Gateway  
  16  0:48  Probe (Chrono Boost)  
  17  0:50  Assimilator  
  17  0:53  Probe  
  18  1:05  Probe  
  19  1:17  Probe  
  20  1:27  Nexus  
  20  1:37  Cybernetics Core  
  20  1:40  Probe  
  20  1:46  Assimilator  
  21  1:52  Probe  
  22  1:58  Pylon  
  22  2:04  Probe  
  23  2:14  Adept (Chrono Boost)  
  23  2:16  Probe  
  26  2:23  Stargate  
  26  2:28  Pylon  
  26  2:29  Probe  
  27  2:34  Warp Gate  
  27  2:35  Adept (Chrono Boost)  
  27  2:42  Probe (Chrono Boost)  
  30  2:44  Probe (Chrono Boost)  
  30  2:46  Pylon  
  31  2:56  Probe (Chrono Boost)  
  33  2:59  Probe (Chrono Boost)  
  33  3:02  Adept, Probe (Chrono Boost)  
  36  3:05  Probe (Chrono Boost)  
  36  3:07  Oracle (Chrono Boost)  
  36  3:10  Probe  
  41  3:17  Probe  
  42  3:20  Pylon  
  42  3:23  Probe  
  43  3:30  Probe  
  44  3:35  Probe  
  44  3:36  Oracle (Chrono Boost)  
  48  3:42  Probe, Gateway  
  48  3:47  Probe  
  50  3:54  Probe  
  51  3:59  Probe  
  52  4:06  Nexus, Probe  
  53  4:13  Probe  
  53  4:18  Probe  
  54  4:27  Probe  
  54  4:30  Probe, Assimilator x2  
  54  4:36  Pylon  
  52  4:39  Probe  
  52  4:40  Gateway  
  52  4:42  Twilight Council, Probe  
  52  4:44  Forge  
  54  4:46  Pylon  
  54  4:52  Oracle (Chrono Boost)  
  54  4:54  Adept x2, Probe  
  62  5:02  Probe  
  62  5:04  Pylon  
  62  5:06  Probe  
  62  5:10  Gateway  
  62  5:16  Blink (Chrono Boost)  
  62  5:18  Protoss Ground Weapons Level 1, Probe (Chrono Boost)  
  62  5:20  Probe (Chrono Boost)  
  65  5:22  Probe (Chrono Boost)  
  65  5:26  Adept  
  65  5:27  Stalker  
  70  5:29  Probe (Chrono Boost)  
  70  5:31  Probe (Chrono Boost)  
  70  5:32  Probe (Chrono Boost)  
  70  5:33  Shield Battery, Probe (Chrono Boost)  
  73  5:39  Probe  
  73  5:42  Probe  
  75  5:44  Probe  
  75  5:45  Pylon  
  76  5:51  Probe  
  76  5:54  Probe, Stalker x3  
  84  5:58  Pylon  
  84  5:59  Probe  
  84  6:03  Probe  
  86  6:06  Probe  
  86  6:09  Stalker  
  85  6:11  Probe  
  85  6:15  Probe  
  85  6:18  Oracle (Chrono Boost)  
  81  6:19  Stalker x3  
  81  6:24  Probe  
  87  6:25  Probe  
  87  6:33  Shield Battery  
  87  6:37  Gateway  
  85  6:40  Gateway, Stalker  
  85  6:42  Forge  
  86  6:50  Stalker x3  
  90  7:02  Pylon  
  90  7:03  Stalker  
  90  7:07  Charge (Chrono Boost)  
  89  7:15  Stalker x2  
  92  7:22  Protoss Ground Weapons Level 2 (Chrono Boost)  
  90  7:25  Shield Battery  
  90  7:28  Photon Cannon  
  90  7:30  Sentry, Stalker  
  90  7:32  Shield Battery  
  90  7:36  Nexus, Protoss Ground Armor Level 1 (Chrono Boost)  
  94  7:42  Pylon  
  94  7:44  Stalker x3  
  94  7:50  Pylon  
  100  7:58  Gateway  
  100  8:00  Gateway  
  100  8:09  Gateway  
  100  8:10  Stalker x6  
  112  8:20  Gateway  
  112  8:21  Gateway  
  112  8:23  Gateway  
  112  8:24  Gateway  
  112  8:28  Pylon  
  112  8:37  Zealot x2  
  112  8:40  Pylon  
  112  8:41  Pylon  
  116  8:42  Probe  
  116  8:46  Probe x2  
  116  8:48  Assimilator x2  
  119  8:52  Zealot x4  
  127  9:03  Probe  
  127  9:06  Zealot x4  
  136  9:14  Probe  
  136  9:15  Stalker  
  136  9:16  Zealot, Stalker x3  
  147  9:20  Stalker x2  
  147  9:22  Zealot  
  151  9:32  Zealot x3  
  140  9:48  Zealot x6  
Show
View Real Time Build Order
Export as new Build Order

Elazer Zerg 

Build Orders: Hatch First 

Get SALT Encoding   

  12  0:00  Drone  
  13  0:12  Overlord  
  13  0:17  Drone  
  14  0:30  Drone x2  
  16  0:49  Hatchery  
  15  0:52  Drone  
  15  0:56  Drone  
  17  0:59  Drone  
  18  1:11  Extractor  
  18  1:16  Spawning Pool  
  16  1:19  Drone  
  16  1:23  Drone  
  18  1:28  Drone  
  19  1:38  Drone  
  20  1:49  Overlord  
  20  2:03  Queen x2  
  20  2:04  Zergling x2  
  20  2:05  Drone  
  26  2:12  Drone x2  
  26  2:15  Metabolic Boost  
  28  2:21  Drone  
  29  2:23  Drone  
  30  2:34  Zergling x2  
  30  2:35  Drone  
  32  2:43  Queen  
  34  2:49  Overlord  
  34  2:58  Zergling x4  
  36  3:07  Queen  
  36  3:08  Drone x2  
  36  3:09  Zergling x2  
  41  3:14  Drone x3  
  44  3:21  Hatchery  
  42  3:31  Overlord  
  42  3:32  Drone x3  
  44  3:37  Drone  
  44  3:48  Overlord  
  44  3:49  Queen  
  44  3:51  Overlord  
  44  3:52  Drone x3  
  49  3:56  Queen  
  49  4:00  Spore Crawler  
  50  4:05  Drone x2  
  51  4:12  Zergling x10  
  51  4:20  Overlord  
  48  4:26  Drone x4  
  49  4:33  Drone x2  
  50  4:40  Drone x3  
  50  4:41  Drone  
  50  4:44  Drone  
  50  4:45  Drone  
  56  4:50  Drone  
  57  4:54  Drone  
  57  4:55  Overlord  
  58  5:00  Drone  
  58  5:05  Overlord  
  55  5:09  Queen  
  55  5:10  Drone x7  
  64  5:14  Extractor  
  64  5:15  Roach Warren  
  64  5:16  Drone  
  64  5:17  Drone x2  
  64  5:21  Zergling x6  
  68  5:25  Zergling x2  
  69  5:30  Zergling x2  
  69  5:32  Zergling x2  
  71  5:38  Zergling x2  
  71  5:39  Zergling x6  
  71  5:40  Overlord  
  75  5:45  Zergling x12  
  80  5:52  Overlord  
  80  5:59  Hatchery  
  80  6:01  Zergling x6  
  79  6:09  Zergling x10  
  70  6:18  Zergling x6  
  70  6:19  Zergling x6  
  75  6:29  Zergling x8  
  75  6:32  Zergling x2  
  75  6:42  Lair, Drone x3  
  75  6:44  Evolution Chamber  
  75  6:46  Drone x2  
  78  6:49  Drone x6  
  84  7:01  Drone x5  
  82  7:08  Drone x2  
  82  7:14  Zergling x2  
  82  7:15  Zergling x4  
  82  7:17  Zerg Melee Weapons Level 1  
  82  7:18  Extractor  
  82  7:20  Zergling x14  
  80  7:28  Zergling x2  
  80  7:29  Zergling x4  
  83  7:32  Zergling x2  
  84  7:37  Zergling x4  
  84  7:43  Zergling x4  
  88  7:47  Zergling x20  
  98  7:51  Hatchery  
  98  7:54  Zergling x2  
  98  7:57  Overlord  
  97  8:02  Drone x2  
  97  8:05  Drone  
  97  8:08  Glial Reconstitution, Drone x2  
  97  8:09  Drone  
  100  8:15  Drone x9  
  100  8:17  Drone x3  
  112  8:20  Zergling x6, Baneling Nest  
  112  8:27  Zergling x2, Overseer  
  115  8:32  Zergling x8  
  119  8:39  Zergling x6  
  119  8:40  Hatchery  
  121  8:43  Zergling x14  
  121  8:44  Overlord x3  
  128  9:01  Zergling x2  
  128  9:02  Zergling x4  
  124  9:10  Zergling x26  
  124  9:16  Zergling x2  
  124  9:17  Zergling x14  
  137  9:28  Roach x5  
  136  9:31  Roach  
Tags
 
Add a new tag
Caveats
  • Supply blocks, unpowered buildings, or Contaminate may cause inaccurate times.
  • Supply counts are checked every 10 seconds.